 Dungeon Crawl Stone Soup version 0.21.0-8-gf18e19db4a (webtiles) character file.

17852 Gargoyl the Envoy of Void (level 12, -1/154 HPs)
             Began as a Centaur Abyssal Knight on Jan 18, 2018.
             Was a High Priest of Lugonu.
             Slain by a crimson imp (3 damage)
             ... summoned by an obsidian statue
             ... in a volcano.
             The game lasted 00:27:54 (13092 turns).

Gargoyl the Envoy of Void (Centaur Abyssal Knight) Turns: 13092, Time: 00:27:55

Health: -1/154     AC: 25    Str: 18    XL:     12   Next: 22%
Magic:  15/19      EV:  1    Int: 15    God:    Lugonu [*****.]
Gold:   560        SH:  5    Dex: 11    Spells: 11/11 levels left

rFire    . . .     SeeInvis +   l - +1 hand axe of Fuipimn {vamp, rPois Stlth+}
rCold    . . .     Gourm    .   A - +1 buckler {AC+3}
rNeg     + + +     Faith    .   (armour currently unavailable)
rPois    +         Spirit   .   (helmet currently unavailable)
rElec    +         Reflect  .   (cloak currently unavailable)
rCorr    .         Harm     .   (gloves currently unavailable)
MR       .....     NoTele   +   (no barding)
Stlth    ++........             h - amulet of regeneration
HPRegen  0.75/turn              k - ring "Rokacip" {rElec Int+4}
MPRegen  0.16/turn              J - ring of see invisible

@: tree-form, corroded, mesmerised
A: large, mutation resistance 1
a: Depart the Abyss, Bend Space, Banish, Corrupt, Enter the Abyss, Renounce
Religion


You were in a volcano.
You worshipped Lugonu.
Lugonu was extremely pleased with you.
You were not hungry.
You were a tree.
You visited 2 branches of the dungeon, and saw 11 of its levels.
You visited the Abyss 1 time.
You also visited: Volcano.

You collected 560 gold pieces.

Inventory:

Hand Weapons
 l - the +1 hand axe of Fuipimn (weapon) {vamp, rPois Stlth+}
   (You found it on level 4 of the Dungeon)

   It inflicts no extra harm, but heals its wielder when it wounds a living foe.
   It protects you from poison.
   It makes you more stealthy.
 y - a +5 hand axe
Missiles
 F - 7 poisoned tomahawks (quivered)
Armour
 b - the +6 chain mail of the Frog (melded) {Dex+4 Stlth+}
   (You found it on level 9 of the Dungeon)

   It affects your dexterity (+4).
   It makes you more stealthy.
 m - a +0 helmet (melded)
 q - a +1 centaur barding (melded)
 A - a +1 buckler of protection (worn)
 G - a +0 cloak (melded)
Jewellery
 h - an amulet of regeneration (around neck)
 k - the ring "Rokacip" (left branch) {rElec Int+4}
   (You found it on level 5 of the Dungeon)

   [ring of intelligence]

   It affects your intelligence (+4).
   It insulates you from electricity.
 J - a ring of see invisible (right branch)
Wands
 g - a wand of iceblast (2)
 j - a wand of digging (8)
 o - a wand of paralysis (14)
 r - a wand of acid (7)
 s - a wand of polymorph (14)
 w - a wand of flame (27)
 x - a wand of random effects (30)
 z - a wand of disintegration (7)
 H - a wand of enslavement (12)
Scrolls
 a - a scroll of identify
 i - 2 scrolls of teleportation
 v - a scroll of remove curse
Potions
 d - 2 potions of haste
 e - a potion of agility
 f - a potion of curing
 n - a potion of lignification
 p - 2 potions of brilliance
 t - a potion of degeneration {unknown}
 C - a potion of cancellation {unknown}
Books
 u - a book of Changes

   Spells                             Type                      Level
   a - Beastly Appendage              Transmutation                1
   b - Sticks to Snakes               Transmutation                2
   c - Spider Form                    Transmutation/Poison         3
   d - Ice Form                       Ice/Transmutation            4
   e - Blade Hands                    Transmutation                5
 B - a book of Minor Magic

   Spells                             Type                      Level
   a - Magic Dart                     Conjuration                  1
   b - Blink                          Translocation                2
   c - Call Imp                       Summoning                    2
   d - Slow                           Hexes                        2
   e - Conjure Flame                  Conjuration/Fire             3
   f - Mephitic Cloud                 Conjuration/Poison/Air       3
 I - a book of Conjurations

   Spells                             Type                      Level
   a - Magic Dart                     Conjuration                  1
   b - Searing Ray                    Conjuration                  2
   c - Dazzling Spray                 Conjuration/Hexes            3
   d - Fulminant Prism                Conjuration/Hexes            4
   e - Force Lance                    Conjuration/Translocation    4
   f - Iskenderun's Mystic Blast      Conjuration                  4
Comestibles
 c - 22 rations


   Skills:
 + Level 8.7 Fighting
 + Level 9.2 Axes
 + Level 0.1 Throwing
 * Level 9.1 Armour
 + Level 2.7 Dodging
 + Level 4.1 Shields
 * Level 9.4 Invocations
 + Level 1.5 Evocations


You had 11 spell levels left.
You didn't know any spells.

Dungeon Overview and Level Annotations

Branches:
Dungeon (9/15)             Temple (0/1) D:7            Lair (2/6) D:9
    Orc (0/2) D:9
  Swamp: Lair:2-4    Shoals: Lair:2-4     Snake: Lair:2-4    Spider: Lair:2-4

Altars:
Cheibriados
Dithmenos
Gozag
Ru
Trog
Uskayaw
Vehumet
Yredelemnul
Zin
The Shining One

Annotations:
Abyss:1 Erolcha Volcano exclusion: obsidian statue


Innate Abilities, Weirdness & Mutations

((You have hooves in place of feet.))
((Armour fits poorly on your strangely shaped body.))
((You cover ground very quickly.))
((You have extremely tough skin. (AC +3)))
You are somewhat resistant to further mutation.


Message History

Press: ? - help, Shift-Dir - straight line, f - obsidian statue
Aim: an obsidian statue (lightly damaged, mesmerising, magic immune)
The obsidian statue is unaffected.
You feel somewhat more hungry.
The crimson imp hits you but does no damage.
You block the sun demon's attack. The rust devil hits you.
* * * LOW HITPOINT WARNING * * *
The rust devil corrodes you!
Unknown command.
It was a potion of lignification.
You turn into a tree.
Your +0 cloak melds into your body.
Your +0 helmet melds into your body.
Your +1 centaur barding melds into your body.
The +6 chain mail of the Frog {Dex+4 Stlth+} melds into your body.
Your roots penetrate the ground.
The obsidian statue's eyes glow briefly.
The sun demon hits you!!
* * * LOW HITPOINT WARNING * * *
You are engulfed in flames!
* * * LOW HITPOINT WARNING * * *
The crimson imp hits you.
You die...

###############
.......#$([$$$#
####....#)![.3.#
##.......##..4≈.#
#._......'...5♣8#
##.......##.53≈4#
#####....#)![...#
#∩.......#?:)$$$#
########)########
#### #'# ##..#
#.# ##...## ##.##
#.....###8.8#


You could see an obsidian statue, a soul eater, a sun demon, a rust devil, a
chaos spawn, an iron imp and a crimson imp.

Vanquished Creatures
  2 centaur warriors (D:9)
  2 dancing weapons
  3 two-headed ogres
  A queen ant (Lair:2)
  Pikel (D:5)
  A large abomination (Abyss:2)
  Maurice (D:9)
  A black mamba (Lair:1)
  A gargoyle (Volcano)
  A spiny frog (Lair:2)
  A komodo dragon (Lair:1)
  A fire elemental (Volcano)
  15 yaks
  6 fire bats (Volcano)
  A hungry ghost (D:8)
  A warg (D:9)
  3 water moccasins (Lair:1)
  3 porcupines
  8 soldier ants (Lair:2)
  A sky beast (D:8)
  An ice beast (D:6)
  A slave (D:5)
  A black bear (D:8)
  6 ogres
  A centaur (D:9)
  4 crocodiles (Lair:1)
  3 big kobolds
  7 bullfrogs
  An earth elemental (Volcano)
  4 scorpions
  3 killer bees (D:8)
  6 lava snakes (Volcano)
  3 howler monkeys
  3 bullfrog zombies
  2 crimson imps (D:7)
  3 jellies (D:8)
  A quasit (D:8)
  6 hounds
  7 orc wizards
  6 orc priests
  2 centaur skeletons
  2 iguanas
  Terence (D:3)
  19 worker ants
  Natasha (D:3)
  2 worker ant zombies
  7 gnolls
  10 adders
  4 shadow imps
  6 oozes
  An adder zombie (D:6)
  2 adder skeletons
  4 worms
  3 dart slugs
  6 leopard geckos
  29 orcs
  3 giant cockroaches
  10 goblins
  4 hobgoblins
  18 jackals
  5 quokkas
  2 ball pythons
  6 bats
  2 frilled lizards
  21 kobolds
  A leopard gecko skeleton (D:5)
  2 leopard gecko zombies
  A quokka zombie (D:5)
  19 rats
316 creatures vanquished.

Vanquished Creatures (others)
  A stone giant (Volcano)
  An efreet (Volcano)
  A small abomination (Abyss:2)
  A jelly (D:8)
  A plant (Lair:2)
5 creatures vanquished.

Grand Total: 321 creatures vanquished

Notes
Turn   | Place    | Note
-------+----------+-------------------------------------------
     0 | Abyss:1  | Gargoyl the Centaur Abyssal Knight began the quest for the Orb.
     0 | Abyss:1  | Reached XP level 1. HP: 19/19 MP: 2/2
    64 | Abyss:2  | Noticed a large abomination
    67 | Abyss:2  | Killed a large abomination
    67 | Abyss:2  | Reached skill level 5 in Fighting
    67 | Abyss:2  | Reached XP level 2. HP: 30/30 MP: 2/4
    67 | Abyss:2  | Reached XP level 3. HP: 37/37 MP: 2/5
    67 | Abyss:2  | Reached XP level 4. HP: 44/44 MP: 2/6
    67 | Abyss:2  | Reached XP level 5. HP: 50/50 MP: 2/7
    67 | Abyss:2  | Reached XP level 6. HP: 57/57 MP: 2/8
   115 | Abyss:2  | Noticed a small abomination
   119 | Abyss:2  | Noticed a wretched star
   119 | Abyss:2  | Killed a small abomination
   120 | D:1      | Escaped the Abyss
   555 | D:1      | Reached * piety under Lugonu
   929 | D:2      | You fall through a shaft!
  1152 | D:3      | Noticed Terence
  1171 | D:3      | Killed Terence
  1176 | D:3      | Reached XP level 7. HP: 35/63 MP: 9/9
  2162 | D:2      | Found a glowing silver altar of Zin.
  2865 | D:2      | Reached ** piety under Lugonu
  3267 | D:3      | Found a glowing golden altar of the Shining One.
  3276 | D:3      | Found a basalt altar of Yredelemnul.
  3333 | D:3      | Reached skill level 1 in Dodging
  3846 | D:3      | Noticed Natasha
  3852 | D:3      | Reached *** piety under Lugonu
  3863 | D:3      | Killed Natasha
  4338 | D:3      | Noticed an angel
  4425 | D:4      | Found a snail-covered altar of Cheibriados.
  4548 | D:4      | Got an encrusted hand axe
  4565 | D:4      | Identified the cursed +1 hand axe of Fuipimn {vamp, rPois Stlth+} (You found it on level 4 of the Dungeon)
  4573 | D:4      | Reached XP level 8. HP: 27/70 MP: 10/10
  4955 | D:4      | Reached skill level 1 in Shields
  5049 | D:4      | Found a transporter.
  5053 | D:4      | Found a transporter.
  5385 | D:5      | Entered Level 5 of the Dungeon
  5390 | D:5      | Noticed a dagger
  5390 | D:5      | Noticed a dagger
  5400 | D:5      | Found a hide-covered altar of Uskayaw.
  5494 | D:4      | Killed a dagger
  5494 | D:4      | Reached skill level 5 in Axes
  5494 | D:4      | Reached skill level 5 in Invocations
  5494 | D:4      | Reached skill level 1 in Evocations
  5504 | D:5      | Killed a dagger
  5504 | D:5      | Reached skill level 5 in Armour
  5504 | D:5      | Reached XP level 9. HP: 23/79 MP: 5/13
  5533 | D:5      | Got a transparent steel ring
  5800 | D:5      | Identified the ring "Rokacip" {rElec Int+4} (You found it on level 5 of the Dungeon)
  6031 | D:5      | Found a radiant altar of Vehumet.
  6154 | D:5      | Noticed Pikel
  6185 | D:5      | Killed Pikel
  6490 | D:6      | Found a bloodstained altar of Trog.
  6741 | D:6      | Found a shadowy altar of Dithmenos.
  7484 | D:7      | Reached **** piety under Lugonu
  7524 | D:7      | Noticed a two-headed ogre
  7540 | D:7      | Killed a two-headed ogre
  7540 | D:7      | Reached XP level 10. HP: 25/86 MP: 15/15
  7562 | D:7      | Noticed a two-headed ogre
  7571 | D:7      | Killed a two-headed ogre
  8075 | D:7      | Found a staircase to the Ecumenical Temple.
  8716 | D:8      | Noticed a two-headed ogre
  8753 | D:8      | Killed a two-headed ogre
  9077 | D:8      | Found a snail-covered altar of Cheibriados.
  9135 | D:8      | Reached ***** piety under Lugonu
  9214 | D:8      | Found an opulent altar of Gozag.
  9706 | D:9      | Found a staircase to the Lair.
  9776 | D:9      | Reached XP level 11. HP: 91/93 MP: 15/17
  9940 | D:9      | Noticed a centaur warrior
  9940 | D:9      | Found a staircase to the Orcish Mines.
  9942 | D:9      | Noticed a centaur warrior
  9946 | D:9      | Noticed Maurice
  9947 | D:9      | Noticed Erolcha
 10088 | D:9      | Killed a centaur warrior
 10119 | D:9      | Killed Maurice
 10140 | D:9      | Banished Erolcha
 10169 | D:9      | Gained mutation: You have a pair of small horns on your head. [potion of mutation]
 10169 | D:9      | Gained mutation: You can translocate small distances at will. [potion of mutation]
 10377 | D:9      | Killed a centaur warrior
 10400 | D:9      | Found a sacrificial altar of Ru.
 10618 | D:9      | Got a transparent chain mail
 10805 | Lair:1   | Entered Level 1 of the Lair of Beasts
 10840 | D:9      | Identified the +6 chain mail of the Frog {Dex+4 Stlth+} (You found it on level 9 of the Dungeon)
 11044 | Lair:1   | Lost mutation: You can translocate small distances at will. [potion of mutation]
 11044 | Lair:1   | Lost mutation: You have a pair of small horns on your head. [potion of mutation]
 11044 | Lair:1   | Gained mutation: You are clumsy. (Dex -2) [potion of mutation]
 11044 | Lair:1   | Lost mutation: You are clumsy. (Dex -2) [potion of mutation]
 11044 | Lair:1   | Gained mutation: You are somewhat resistant to further mutation. [potion of mutation]
 12055 | Lair:2   | Noticed a queen ant
 12130 | Lair:2   | Killed a queen ant
 12375 | Lair:2   | Reached XP level 12. HP: 82/103 MP: 18/18
 12458 | Lair:2   | Found a dark tunnel.
 12505 | Volcano  | Entered a volcano
 12654 | Volcano  | Noticed a stone giant
 12655 | Volcano  | Found a burning altar of Makhleb.
 12666 | Volcano  | HP: 5/103 [earth elemental (17)]
 12876 | Volcano  | Banished a stone giant
 13092 | Volcano  | HP: 2/154 [sun demon[an obsidian statue] (17)]
 13092 | Volcano  | Slain by a crimson imp

Skill      XL: |  1  2  3  4  5  6  7  8  9 10 11 12 |
---------------+-------------------------------------+-----
Fighting       | 5 6 7 8 |  8.7
Axes           | 2 3 4 5 6 7 8 9 |  9.2
Armour         | 2 3 5 6 7 8 9 |  9.1
Invocations    | 3 6 8 9 |  9.4
Dodging        | 1 2 |  2.7
Shields        | 2 3 4 |  4.1
Evocations     | 1 |  1.5
Throwing       | |  0.1

Action                   |  1- 3 |  4- 6 |  7- 9 | 10-12 || total
-------------------------+-------+-------+-------+-------++-------
Melee: Hand axe          |       |    78 |   538 |   965 ||  1581
       Kick              |       |    17 |   105 |   320 ||   442
       Headbutt          |       |       |       |    21 ||    21
Throw: Tomahawk          |       |       |       |     3 ||     3
Invok: Depart the Abyss  |       |     1 |       |       ||     1
       Bend Space        |       |       |     5 |       ||     5
       Banish            |       |       |     2 |     5 ||     7
Evoke: Wand              |     3 |     2 |    15 |     8 ||    28
  Use: Scroll            |       |     4 |     9 |    13 ||    26
       Potion            |       |       |     2 |    10 ||    12
 Stab: Paralysed         |       |       |       |     9 ||     9
  Eat: Chunk             |       |       |    16 |    14 ||    30
       Ration            |       |       |     2 |     5 ||     7
Armor: Ring mail         |       |    25 |       |       ||    25
       Chain mail        |       |    19 |   420 |   899 ||  1338
       Leather armour    |       |     2 |       |       ||     2
Dodge: Dodged            |       |    13 |    31 |   192 ||   236
Block: Shield            |       |    34 |   218 |    16 ||   268
       Buckler           |       |       |       |   294 ||   294
